 Dungeon Crawl Stone Soup version 0.27.1-34-g3ba077fa99 (webtiles) character file.

Game seed: 15910579898873053308

58 Descartes the Grasshopper (level 3, 0/18 HPs)
             Began as a Spriggan Warper on Jan 9, 2022.
             Was a Follower of Yredelemnul.
             Slain by an adder (3 damage)
             ... on level 2 of the Dungeon.
             The game lasted 00:05:49 (3482 turns).

Descartes the Grasshopper (Spriggan Warper)         Turns: 3482, Time: 00:05:50

Health: 0/18       AC:  2    Str:  8    XL:     3   Next: 75%
Magic:  8/8        EV: 17    Int: 14    God:    Yredelemnul [*.....]
Gold:   66         SH:  0    Dex: 14    Spells: 8/8 levels left

rFire    . . .     SeeInvis +   a - +0 short sword
rCold    . . .     Faith    .   (shield restricted)
rNeg     . . .     Spirit   .   b - +0 robe
rPois    .         Reflect  .   (helmet restricted)
rElec    .         Harm     .   (no cloak)
rCorr    .         Rampage  .   (gloves unavailable)
Will     .....                  (boots unavailable)
Stlth    ++........             (no amulet)
HPRegen  0.06/turn              (no ring)
MPRegen  0.11/turn              (no ring)

@: very quick
A: very small, no large weapons, unfitting armour, see invisible, speed 3
a: Renounce Religion, Animate Remains


You were on level 2 of the Dungeon.
You worshipped Yredelemnul.
Yredelemnul was aware of your devotion.
You visited 1 branch of the dungeon, and saw 2 of its levels.

You collected 66 gold pieces.

Inventory:

Hand Weapons
 a - a +0 short sword (weapon)
 f - a +0 hunting sling
Missiles
 d - 5 boomerangs of dispersal (quivered)
 h - 29 stones
Armour
 b - a +0 robe (worn)
Wands
 i - a wand of polymorph (8)
Scrolls
 c - a scroll of blinking
 e - a scroll of magic mapping {unknown}
 g - a scroll of teleportation {unknown}
Potions
 j - a potion of might {unknown}
 k - a potion of flight {unknown}


   Skills:
 + Level 1.8 Fighting
 + Level 2.8 Short Blades
 + Level 1.6 Throwing
 + Level 3.5 Dodging
 + Level 1.4 Stealth
 - Level 3.0 Spellcasting
 + Level 4.9 Translocations
 + Level 0.1 Invocations
 + Level 0.7 Evocations


You had 8 spell levels left.
You didn't know any spells.
Your spell library contained the following spells:

 Spells                   Type           Power      Damage    Failure   Level
 Blink                    Tloc           N/A        N/A       4%          2
 Gell's Gravitas          Tloc           7%         N/A       9%          3
 Lesser Beckoning         Tloc           7%         N/A       9%          3
 Teleport Other           Tloc           15%        N/A       9%          3
 Manifold Assault         Tloc           15%        N/A       63%         5


Dungeon Overview and Level Annotations

Branches:
Dungeon (2/15)

Altars:
Yredelemnul

Shops:
D:1 *


Innate Abilities, Weirdness & Mutations

You are very small and have problems with some larger weapons.
You are too small for most types of armour.
You have supernaturally acute eyesight. (SInv)
You cover ground extremely quickly. (Speed+++)


Message History

The adder is almost dead.
You feel sick.
You are no longer poisoned.
The adder bites you.
You are too injured to fight recklessly!
You are too injured to fight recklessly!
You are too injured to fight recklessly!
You are too injured to fight recklessly!
You are too injured to fight recklessly!
You are too injured to fight recklessly!
You are too injured to fight recklessly!
You are too injured to fight recklessly!
You are too injured to fight recklessly!
You miss the adder.
The adder is almost dead.
The adder barely misses you.
You hit the adder but do no damage.
The adder is almost dead.
The adder closely misses you. The adder bites you.
You closely miss the adder.
The adder is almost dead.
The adder closely misses you.
You hit the adder but do no damage.
The adder is almost dead.
The adder closely misses you.
You closely miss the adder.
The adder is almost dead.
The adder closely misses you. x2
You miss the adder.
The adder is almost dead.
The adder bites you.
* * * LOW HITPOINT WARNING * * *
You miss the adder.
The adder is almost dead.
The adder closely misses you.
You closely miss the adder.
The adder is almost dead.
The adder bites you.
You die...
Your body rises from the dead as a mindless zombie.

#.............#
#.....#####.#.#
#.....# ###.# #.#.###
#.# # ####.#.#####
#.# #### ............
#.# ..## ####.#######
#.# #.## #.# #.# #.##
#.. #@###.# #.## ####
#...S....# ## ##.##
#............####...#
#.##.................
#. #####.###.####...#
# #.# #.# #.... #.#
#.####..##
####.###.......>.
#..............#.


You could see an adder.

Vanquished Creatures
  An adder (D:2)
  4 ball pythons
  A bat (D:1)
  2 endoplasms
  3 giant cockroaches (D:1)
  8 goblins
  4 hobgoblins
  9 jackals (D:1)
  A quokka (D:1)
  2 frilled lizards (D:1)
  3 kobolds
  5 rats
43 creatures vanquished.

Vanquished Creatures (others)
  3 plants (D:1)
3 creatures vanquished.

Grand Total: 46 creatures vanquished

Notes
Turn   | Place    | Note
-------+----------+-------------------------------------------
     0 | D:1      | Descartes the Spriggan Warper began the quest for the Orb.
     0 | D:1      | Reached XP level 1. HP: 10/10 MP: 5/5
   197 | D:1      | Found Uty Cabi's Assorted Antiques.
   758 | D:1      | Reached XP level 2. HP: 8/14 MP: 6/6
  1575 | D:1      | Reached skill level 1 in Stealth
  1684 | D:1      | Reached XP level 3. HP: 18/18 MP: 8/8
  1968 | D:1      | Found a faded altar of an unknown god.
  1978 | D:1      | Became a worshipper of Yredelemnul the Dark
  1978 | D:1      | Reached * piety under Yredelemnul
  2278 | D:1      | Found a basalt altar of Yredelemnul.
  2334 | D:1      | Found Uty Cabi's Assorted Antiques.
  3482 | D:2      | Slain by an adder

Illustrated notes

Levels and vault maps discovered:
D:1:      psy_arrival_whirlpool, layout_loops_ring, serial_shops,
          nicolae_shop_overgrown_old_shop,
          shapermc_ecumenical_altar_totnotflames, minmay_tromino_v4_b
D:2:      layout_loops_ring, minivault_4, roderic_roman_lattice,
          grunt_ministairs_3, minmay_crystal_water

Skill      XL: |  1  2 |
---------------+-------+-----
Stealth        | 1 |  1.4
Spellcasting   | 3 |  3.0
Fighting       | |  1.8
Short Blades   | |  2.8
Throwing       | |  1.6
Dodging        | |  3.5
Translocations | |  4.9
Invocations    | |  0.1
Evocations     | |  0.7

Action                   || total
-------------------------++-------
Melee: Short sword       ||   201
 Stab: Sleeping          ||     6
Armor: Robe              ||    23
Dodge: Dodged            ||   155
